FSL
COCOA FLYERS @ TAMPA PIRATES
05/26/1982
 
TOP OF THE 1ST
Cocoa Flyers batting - Pitching for Tampa Pirates : RHP Donald VanMarter
Pitching: RHP Donald VanMarter
Batting: RHB Danny Arroyo 0-0: Ground out 5-3 (Groundball, 15, EV 83.8 MPH)
Batting: LHB Gary Robertson 0-0: Called Strike
0-1: Foul Ball, location: 2F
0-2: Foul Ball, location: 2F
0-2: Strikes out swinging
Batting: LHB Mike Jones 0-0: Called Strike
0-1: Foul Ball, location: 2F
0-2: Ball
1-2: Ball
2-2: Foul Ball, location: 2F
2-2: Ball
3-2: Base on Balls
Batting: LHB Shanie Dugas 0-0: Called Strike
0-1: Ball
1-1: 2-RUN HOME RUN (Flyball, 78XD, EV 106.3 MPH), Distance : 412 ft
Batting: RHB Larry McNutt 0-0: Ball
1-0: Fly out, F8 (Flyball, 8RD, EV 106.3 MPH)
Top of the 1st over - 2 runs, 1 hit, 0 errors, 0 left on base; Cocoa 2 - Tampa 0
BOTTOM OF THE 1ST
Tampa Pirates batting - Pitching for Cocoa Flyers : RHP Marty Mason
Pitching: RHP Marty Mason
Batting: RHB Erwin Bryant 0-0: Ball
1-0: Foul Ball, location: 2F
1-1: Ball
2-1: Ball
3-1: Fly out, F8 (Flyball, 8LM, EV 91.3 MPH)
Batting: RHB Ricky Jones 0-0: Ball
1-0: Swinging Strike
1-1: Ball
2-1: Fly out, F8 (Flyball, 8RD, EV 82.5 MPH)
Batting: LHB Pedro Nunez 0-0: Swinging Strike
0-1: SINGLE (Groundball, 3D, EV 98.1 MPH)
Batting: LHB David Frederick 0-0: Foul Ball, location: 2F
0-1: Foul Ball, location: 2F
0-2: Ball
1-2: Reached on error, E8 (Flyball, 8LXD, EV 86.9 MPH)
Pedro Nunez to third
Batting: RHB Cliff Pastornicky 0-0: Ball
1-0: Called Strike
1-1: Fly out, F5 (Popup, 5S, EV 91.3 MPH)
Bottom of the 1st over - 0 runs, 1 hit, 1 error, 2 left on base; Cocoa 2 - Tampa 0
TOP OF THE 2ND
Cocoa Flyers batting - Pitching for Tampa Pirates : RHP Donald VanMarter
Batting: RHB Lorenzo Quintanilla 0-0: Called Strike
0-1: Ball
1-1: Swinging Strike
1-2: Strikes out looking
Batting: RHB Jorge Diaz 0-0: Ball
1-0: Ball
2-0: Ball
3-0: Called Strike
3-1: Base on Balls
Batting: RHB Carlos Tirado 0-0: Fly out, F7 (Flyball, 7D, EV 98.1 MPH)
Batting: RHB Miguel Dominguez 0-0: Ball
Jorge Diaz steals 2nd base
1-0: Ball
2-0: Called Strike
2-1: Ball
3-1: Swinging Strike
3-2: Foul Ball, location: 2F
3-2: Fly out, F9 (Line Drive, 9, EV 97.5 MPH)
Top of the 2nd over - 0 runs, 0 hits, 0 errors, 1 left on base; Cocoa 2 - Tampa 0
BOTTOM OF THE 2ND
Tampa Pirates batting - Pitching for Cocoa Flyers : RHP Marty Mason
Batting: LHB Alfredo Rodriguez 0-0: Ball
1-0: Swinging Strike
1-1: Called Strike
1-2: Ball
2-2: Ball
3-2: Foul Ball, location: 2F
3-2: Foul Ball, location: 2F
3-2: Fly out, F9 (Line Drive, 9, EV 86.9 MPH)
Batting: RHB Dale Eiler 0-0: Ball
1-0: Foul Ball, location: 2F
1-1: Ball
2-1: Foul Ball, location: 2F
2-2: Fly out, F8 (Flyball, 8LD, EV 101.9 MPH)
Batting: RHB Roy Dixon 0-0: Called Strike
0-1: Ball
1-1: Ball
2-1: Called Strike
2-2: Ball
3-2: Strikes out swinging
Bottom of the 2nd over - 0 runs, 0 hits, 0 errors, 0 left on base; Cocoa 2 - Tampa 0
TOP OF THE 3RD
Cocoa Flyers batting - Pitching for Tampa Pirates : RHP Donald VanMarter
Batting: RHB Danny Arroyo 0-0: Ball
1-0: Ball
2-0: Ball
3-0: Foul Ball, location: 2F
3-1: Swinging Strike
3-2: Foul Ball, location: 2F
3-2: Base on Balls
Batting: LHB Gary Robertson 0-0: Ball
1-0: Ball
2-0: Ball
3-0: Foul Ball, location: 2F
3-1: Base on Balls
Danny Arroyo to second
Batting: LHB Mike Jones 0-0: Fielders Choice at 2nd, 1-6 (Groundball, 13, EV 69.4 MPH)
Danny Arroyo to third
Batting: LHB Shanie Dugas 0-0: Ball
Mike Jones steals 2nd base
1-0: DOUBLE (Line Drive, 9LD, EV 107.5 MPH)
Danny Arroyo scores
Mike Jones scores
Batting: RHB Larry McNutt 0-0: Ball
1-0: Swinging Strike
1-1: Hit by Pitch
Batting: RHB Lorenzo Quintanilla 0-0: Ball
1-0: SINGLE (Groundball, 56D, EV 93.8 MPH)
Shanie Dugas to third
Larry McNutt to second
Runner from 3rd tries for Home, throw by LF and OUT! 7-2
Batting: RHB Jorge Diaz 0-0: Ball
1-0: Ball
2-0: Called Strike
2-1: SINGLE (Line Drive, 6D, EV 105.0 MPH)
Larry McNutt to third
Lorenzo Quintanilla to second
Runner from 3rd tries for Home, throw by CF and OUT! 8-2
Top of the 3rd over - 2 runs, 3 hits, 0 errors, 2 left on base; Cocoa 4 - Tampa 0
BOTTOM OF THE 3RD
Tampa Pirates batting - Pitching for Cocoa Flyers : RHP Marty Mason
Batting: LHB Charles Rouse 0-0: Called Strike
0-1: Called Strike
0-2: Foul Ball, location: 2F
0-2: Ball
1-2: Ball
2-2: Ball
3-2: Ground out U3 (Groundball, 34, EV 104.4 MPH)
Batting: RHB Erwin Bryant 0-0: Foul Ball, location: 2F
0-1: Ball
1-1: Foul Ball, location: 2F
1-2: Ball
2-2: Foul Ball, location: 2F
2-2: Foul Ball, location: 2F
2-2: Foul Ball, location: 2F
2-2: Ground out 5-3 (Groundball, 56, EV 78.1 MPH)
Batting: RHB Ricky Jones 0-0: Ball
1-0: Called Strike
1-1: Fly out, F8 (Flyball, 8LS, EV 88.8 MPH)
Bottom of the 3rd over - 0 runs, 0 hits, 0 errors, 0 left on base; Cocoa 4 - Tampa 0
TOP OF THE 4TH
Cocoa Flyers batting - Pitching for Tampa Pirates : RHP Donald VanMarter
Batting: RHB Carlos Tirado 0-0: Ground out 1-3 (Groundball, 13S, EV 73.8 MPH)
Batting: RHB Miguel Dominguez 0-0: Ball
1-0: Called Strike
1-1: Fly out, F8 (Line Drive, 8LD, EV 90.0 MPH)
Batting: RHB Danny Arroyo 0-0: Foul Ball, location: 2F
0-1: Swinging Strike
0-2: Ball
1-2: Fly out, F9 (Flyball, 9LS, EV 87.5 MPH)
Top of the 4th over - 0 runs, 0 hits, 0 errors, 0 left on base; Cocoa 4 - Tampa 0
BOTTOM OF THE 4TH
Tampa Pirates batting - Pitching for Cocoa Flyers : RHP Marty Mason
Batting: LHB Pedro Nunez 0-0: Ball
1-0: Foul Ball, location: 2F
1-1: Fly out, F6 (Popup, 6, EV 63.1 MPH)
Batting: LHB David Frederick 0-0: Called Strike
0-1: Ball
1-1: Called Strike
1-2: Ball
2-2: Fly out, F8 (Flyball, 78D, EV 107.5 MPH)
Batting: RHB Cliff Pastornicky 0-0: Ball
1-0: Foul Ball, location: 2F
1-1: Foul Ball, location: 2F
1-2: Fly out, F7 (Flyball, 7S, EV 81.9 MPH)
Bottom of the 4th over - 0 runs, 0 hits, 0 errors, 0 left on base; Cocoa 4 - Tampa 0
TOP OF THE 5TH
Cocoa Flyers batting - Pitching for Tampa Pirates : RHP Donald VanMarter
Batting: LHB Gary Robertson 0-0: Ball
1-0: Ball
2-0: Ball
3-0: Called Strike
3-1: Base on Balls
Batting: LHB Mike Jones 0-0: Ball
1-0: Called Strike
1-1: Foul Ball, location: 2F
1-2: Ball
2-2: Ball
3-2: SINGLE (Groundball, 6MS, EV 70.0 MPH) (infield hit)
Gary Robertson to second
Batting: LHB Shanie Dugas 0-0: SINGLE (Flyball, 7LS, EV 94.4 MPH)
Gary Robertson to third
Mike Jones to second
Batting: RHB Larry McNutt 0-0: Ball
1-0: Fielders Choice at 2nd, 4-6 (Groundball, 4, EV 95.0 MPH)
Gary Robertson scores
Mike Jones to third
Batting: RHB Lorenzo Quintanilla 0-0: Ball
1-0: Called Strike
1-1: Ball
Larry McNutt steals 2nd base (no throw)
2-1: Swinging Strike
2-2: Ball
3-2: Base on Balls
Batting: RHB Jorge Diaz 0-0: Called Strike
0-1: Foul Ball, location: 2F
0-2: Ball
1-2: Ball
2-2: Ball
3-2: Foul Ball, location: 2F
3-2: Base on Balls
Mike Jones scores
Larry McNutt to third
Lorenzo Quintanilla to second
Pitching: RHP Eugene Norman
Batting: RHB Carlos Tirado 0-0: Ground out 6-3 (Groundball, P, EV 85.0 MPH)
Larry McNutt scores
Lorenzo Quintanilla to third
Jorge Diaz to second
Batting: RHB Miguel Dominguez 0-0: Ground out 3-1 (Groundball, 34, EV 86.9 MPH)
Top of the 5th over - 3 runs, 2 hits, 0 errors, 2 left on base; Cocoa 7 - Tampa 0
BOTTOM OF THE 5TH
Tampa Pirates batting - Pitching for Cocoa Flyers : RHP Marty Mason
Batting: LHB Alfredo Rodriguez 0-0: Ball
1-0: Fly out, F8 (Flyball, 89M, EV 90.0 MPH)
Batting: RHB Dale Eiler 0-0: Ball
1-0: Ball
2-0: Fly out, F3 (Popup, 3F, EV 74.4 MPH)
Batting: RHB Roy Dixon 0-0: Ball
1-0: Ball
2-0: Ball
3-0: Base on Balls
Batting: LHB Charles Rouse 0-0: Ball
Roy Dixon steals 2nd base (no throw)
1-0: Foul Ball, location: 2F
1-1: Ball
2-1: Swinging Strike
2-2: Ball
3-2: Base on Balls
Batting: RHB Erwin Bryant 0-0: Ball
1-0: Ball
2-0: Fly out, F9 (Flyball, 89D, EV 101.9 MPH)
Bottom of the 5th over - 0 runs, 0 hits, 0 errors, 2 left on base; Cocoa 7 - Tampa 0
TOP OF THE 6TH
Cocoa Flyers batting - Pitching for Tampa Pirates : RHP Eugene Norman
Batting: RHB Danny Arroyo 0-0: Ball
1-0: Ball
2-0: Foul Ball, location: 2F
2-1: Foul Ball, location: 2F
2-2: Ball
3-2: Fly out, F8 (Flyball, 8LS, EV 76.3 MPH)
Batting: LHB Gary Robertson 0-0: Ball
1-0: Called Strike
1-1: Swinging Strike
1-2: Ball
2-2: Foul Ball, location: 2F
2-2: Strikes out swinging
Batting: LHB Mike Jones 0-0: Called Strike
0-1: Ball
1-1: Fly out, F9 (Flyball, 89S, EV 80.0 MPH)
Top of the 6th over - 0 runs, 0 hits, 0 errors, 0 left on base; Cocoa 7 - Tampa 0
BOTTOM OF THE 6TH
Tampa Pirates batting - Pitching for Cocoa Flyers : RHP Marty Mason
Pitching: LHP Clifford Mackey
Batting: RHB Ricky Jones 0-0: Ball
1-0: Ball
2-0: Called Strike
2-1: SINGLE (Line Drive, 89S, EV 88.8 MPH)
Batting: LHB Pedro Nunez 0-0: Called Strike
0-1: Foul Ball, location: 2F
0-2: Foul Ball, location: 2F
0-2: Ball
1-2: Strikes out swinging
Batting: LHB David Frederick 0-0: Ball
1-0: Grounds into double play, 3-6-1 (Groundball, 3, EV 98.8 MPH)
Bottom of the 6th over - 0 runs, 1 hit, 0 errors, 0 left on base; Cocoa 7 - Tampa 0
TOP OF THE 7TH
Cocoa Flyers batting - Pitching for Tampa Pirates : RHP Eugene Norman
Batting: LHB Shanie Dugas 0-0: SINGLE (Line Drive, 89M, EV 101.3 MPH)
Batting: RHB Larry McNutt 0-0: Ball
1-0: Foul Ball, location: 2F
1-1: Ball
2-1: Grounds into double play, 6-4-3 (Groundball, 6, EV 111.3 MPH)
Batting: RHB Lorenzo Quintanilla 0-0: Ground out 4-3 (Groundball, 4S, EV 88.1 MPH)
Top of the 7th over - 0 runs, 1 hit, 0 errors, 0 left on base; Cocoa 7 - Tampa 0
BOTTOM OF THE 7TH
Tampa Pirates batting - Pitching for Cocoa Flyers : LHP Clifford Mackey
Batting: RHB Cliff Pastornicky 0-0: Ball
1-0: Ball
2-0: Ball
3-0: Foul Ball, location: 2F
3-1: Base on Balls
Pitching: RHP Kenneth Rabun
Batting: LHB Alfredo Rodriguez 0-0: Called Strike
0-1: Swinging Strike
0-2: Ball
1-2: Strikes out swinging
Batting: RHB Dale Eiler 0-0: Called Strike
0-1: Called Strike
0-2: Ball
1-2: Foul Ball, location: 2F
1-2: Foul Ball, location: 2F
1-2: Ball
2-2: Ball
3-2: Foul Ball, location: 2F
3-2: Strikes out swinging
Batting: RHB Roy Dixon 0-0: Ball
1-0: Called Strike
Cliff Pastornicky steals 2nd base (no throw)
1-1: SINGLE (Line Drive, 78M, EV 93.1 MPH)
Cliff Pastornicky to third
Runner from 3rd tries for Home, SAFE, throw by CF to home
Batting: LHB Charles Rouse 0-0: Called Strike
0-1: Foul Ball, location: 2F
0-2: Ball
1-2: Foul Ball, location: 2F
1-2: Foul Ball, location: 2F
1-2: Ball
2-2: Strikes out swinging
Bottom of the 7th over - 1 run, 1 hit, 0 errors, 1 left on base; Cocoa 7 - Tampa 1
TOP OF THE 8TH
Cocoa Flyers batting - Pitching for Tampa Pirates : RHP Eugene Norman
Batting: RHB Jorge Diaz 0-0: Ball
1-0: Ground out 4-3 (Groundball, 4, EV 79.4 MPH)
Batting: RHB Carlos Tirado 0-0: Called Strike
0-1: Fly out, F3 (Popup, 3DF, EV 75.0 MPH)
Batting: RHB Miguel Dominguez 0-0: Foul Ball, location: 2F
0-1: Swinging Strike
0-2: Strikes out swinging
Top of the 8th over - 0 runs, 0 hits, 0 errors, 0 left on base; Cocoa 7 - Tampa 1
BOTTOM OF THE 8TH
Tampa Pirates batting - Pitching for Cocoa Flyers : RHP Kenneth Rabun
Pitching: RHP Curtis Reade
Batting: RHB Erwin Bryant 0-0: Ball
1-0: Called Strike
1-1: Ball
2-1: Foul Ball, location: 2F
2-2: Ground out 6-3 (Groundball, 6S, EV 66.9 MPH)
Batting: RHB Ricky Jones 0-0: Ball
1-0: Ground out 5-3 (Groundball, 56S, EV 91.9 MPH)
Batting: LHB Pedro Nunez 0-0: Ball
1-0: Swinging Strike
1-1: Ball
2-1: Ball
3-1: Base on Balls
Batting: LHB David Frederick 0-0: Ball
1-0: Ball
2-0: Ground out U3 (Groundball, 3, EV 102.5 MPH)
Bottom of the 8th over - 0 runs, 0 hits, 0 errors, 1 left on base; Cocoa 7 - Tampa 1
TOP OF THE 9TH
Cocoa Flyers batting - Pitching for Tampa Pirates : RHP Eugene Norman
Pitching: LHP Christopher Lombardo
Batting: RHB Danny Arroyo 0-0: Foul Ball, location: 2F
0-1: Ground out 6-3 (Groundball, 6, EV 80.0 MPH)
Batting: LHB Gary Robertson 0-0: Ball
1-0: Foul Ball, location: 2F
1-1: Foul Ball, location: 2F
1-2: Ball
2-2: Ball
3-2: Fly out, F8 (Flyball, 78D, EV 79.4 MPH)
Batting: LHB Mike Jones 0-0: Ball
1-0: Ball
2-0: Ball
3-0: Base on Balls
Batting: LHB Shanie Dugas 0-0: Called Strike
0-1: Foul Ball, location: 2F
0-2: SINGLE (Groundball, 4D, EV 100.0 MPH)
Mike Jones to second
Runner from 2nd tries for 3rd, SAFE, throw by CF made to third
Batting: RHB Larry McNutt 0-0: Ball
1-0: Foul Ball, location: 2F
1-1: 3-RUN HOME RUN (Flyball, 7D, EV 99.4 MPH), Distance : 354 ft
Batting: RHB Lorenzo Quintanilla 0-0: Ball
1-0: Swinging Strike
1-1: Ball
2-1: Swinging Strike
2-2: Fly out, F8 (Flyball, 78D, EV 100.0 MPH)
Top of the 9th over - 3 runs, 2 hits, 0 errors, 0 left on base; Cocoa 10 - Tampa 1
BOTTOM OF THE 9TH
Tampa Pirates batting - Pitching for Cocoa Flyers : RHP Curtis Reade
Pitching: RHP Timothy Zeuch
Batting: RHB Cliff Pastornicky 0-0: Ball
1-0: Ball
2-0: Foul Ball, location: 2F
2-1: Foul Ball, location: 2F
2-2: Ball
3-2: Fly out, F8 (Flyball, 8LXD, EV 97.5 MPH)
Pinch Hitting: RHB William Gaffney 0-0: Ball
1-0: Foul Ball, location: 2F
1-1: SINGLE (Groundball, 4D, EV 101.9 MPH)
Pinch Hitting: SHB Edward Engstler 0-0: Called Strike
0-1: Ball
1-1: Fly out, F1 (Popup, P, EV 79.4 MPH)
Pinch Hitting: RHB Jeffrey Narleski 0-0: Ball
1-0: Ball
2-0: Called Strike
2-1: Ball
3-1: Called Strike
3-2: Base on Balls
William Gaffney to second
Pitching: RHP Jeffery Vail
Pinch Hitting: RHB Steven Young 0-0: Ball
1-0: Swinging Strike
1-1: Foul Ball, location: 2F
1-2: Ball
2-2: Ground out 4-3 (Groundball, 4, EV 79.4 MPH)
Bottom of the 9th over - 0 runs, 1 hit, 0 errors, 2 left on base; Cocoa 10 - Tampa 1
Monday, August 3rd, 2020 - OOTP Baseball 21.5 Build 76